 Dungeon Crawl Stone Soup version 0.30-a0-1114-gd936c97349 (webtiles) character file.

Game seed: 10032338881679855838

1841 Juicyj the Trooper (level 8, -2/74 HPs)
             Began as a Minotaur Fighter on Apr 20, 2023.
             Slain by a gnoll
             ... wielding a +0 club
             ... led by a gnoll sergeant
              (5 damage)
             ... on level 6 of the Dungeon.
             The game lasted 00:06:00 (4003 turns).

Juicyj the Trooper (Minotaur Fighter)               Turns: 4003, Time: 00:06:00

Health: -2/74      AC:  7    Str: 23    XL:     8   Next: 87%
Magic:  7/7        EV: 10    Int:  5    God:
Gold:   184        SH:  5    Dex: 10    Spells: 7/7 levels left

rFire   + . .      SeeInvis .    a - +0 war axe
rCold   . . .      Faith    .    c - +0 buckler
rNeg    . . .      Spirit   .    t - +0 ring mail {rF+}
rPois   .          Reflect  .    m - +1 hat
rElec   .          Rampage  .    (no cloak)
rCorr   .                        (no gloves)
Will    .....                    (no boots) Stlth
                                 (no amulet)
HPRegen 0.32/turn                (no ring)
MPRegen 0.10/turn                (no ring)

@: no status effects
A: horns 2, retaliatory headbutt
a: no special abilities


You were on level 6 of the Dungeon.
You visited 1 branch of the dungeon, and saw 6 of its levels.

You collected 184 gold pieces.

Inventory:

Hand Weapons
 a - a +0 war axe (weapon)
Missiles
 i - 2 poisoned darts
 j - 13 boomerangs (quivered)
Armour
 b - a +0 scale mail
 c - a +0 buckler (worn)
 m - a +1 hat (worn)
 t - a +0 ring mail of fire resistance (worn)
Jewellery
 g - a ring of resist corrosion
 n - a ring of see invisible
Scrolls
 e - 3 scrolls of teleportation
 h - a scroll of identify
 k - a scroll of immolation
 l - 2 scrolls of vulnerability
 o - a scroll of noise {unknown}
 p - a scroll of torment
 q - a scroll of enchant armour
 v - a scroll of enchant weapon {unknown}
Potions
 d - 3 potions of might
 f - 2 potions of flight
 r - a potion of brilliance
 s - 2 potions of cancellation
 u - a potion of curing {unknown}


   Skills:
 + Level 7.8 Fighting
 + Level 7.2 Axes
 + Level 7.8 Armour
 + Level 7.8 Shields


You had 7 spell levels left.
You didn't know any spells.
Your spell library contained the following spells:

 Spells                   Type           Power      Damage    Failure   Level
 Blink                    Tloc           0%         N/A       83%         2
 Lesser Beckoning         Tloc           0%         N/A       83%         2
 Momentum Strike          Conj/Tloc      0%         3d8       83%         2
 Gell's Gravitas          Tloc           0%         N/A       96%         3
 Inner Flame              Hex/Fire       0%         N/A       96%         3
 Teleport Other           Tloc           0%         N/A       96%         3
 Yara's Violent Unravell  Hex/Tmut       0%         3d3       100%        5
 Dispersal                Tloc           0%         N/A       100%        6
 Enfeeble                 Hex            0%         N/A       100%        7


Dungeon Overview and Level Annotations

Branches:
Dungeon (6/15)
 Temple: D:4-7

Altars:
Ashenzari
Cheibriados
Dithmenos
Gozag
Hepliaklqana
Okawaru
Qazlal
Uskayaw

Shops:
D:1 =

Annotations:
D:5 2 transporters


Innate Abilities, Weirdness & Mutations

You have a pair of horns on your head.
You reflexively headbutt those who attack you in melee.


Message History

You are too injured to fight recklessly!
You are too injured to fight recklessly!
You are too injured to fight recklessly!
You slash the gnoll!
You kill the gnoll!
You hit the gnoll. x2; The gnoll closely misses you.
The gnoll sergeant hits you from afar with a +0 trident!
The gnoll hits you but does no damage.
You slash the ice beast! Your headbutt misses the ice beast.
The ice beast is heavily wounded.
You barely miss the gnoll. You closely miss the gnoll.
The gnoll barely misses you. You block the gnoll sergeant's attack.
The ice beast hits you but does no damage.
The gnoll hits you but does no damage.
You slash the ice beast!
The ice beast is almost dead.
You closely miss the gnoll. You barely miss the gnoll.
The gnoll closely misses you. The gnoll hits you but does no damage.
The gnoll sergeant hits you from afar with a +0 trident!
* * * LOW HITPOINT WARNING * * *
The ice beast hits you.
* * * LOW HITPOINT WARNING * * *
The ice beast freezes you.
* * * LOW HITPOINT WARNING * * *
You closely miss the ice beast. Your headbutt misses the ice beast.
The ice beast is almost dead.
You slash the gnoll!
You kill the gnoll!
You closely miss the gnoll.
The gnoll sergeant hits you from afar with a +0 trident.
* * * LOW HITPOINT WARNING * * *
The gnoll barely misses you. The ice beast barely misses you.
You furiously retaliate!
You headbutt the ice beast.
You kill the ice beast!
You block the gnoll's attack.
The gnoll sergeant hits you from afar with a +0 trident.
* * * LOW HITPOINT WARNING * * *
You block the gnoll sergeant's attack. The gnoll barely misses you.
The gnoll attacks as you move away! The gnoll hits you with a +0 club.
You die...

#..###..........#
.....
#................
.###.
##..........##..<
..
##...........#..
...
#...............
##..............
#...##.##....
##......<.#
##....@..#
#.....g.##
#......))g#
#.............
##.............
...............
................
....###.......##
.... .##....##


You could see a gnoll sergeant and a gnoll.

Vanquished Creatures
  Pikel (D:5)
  Sigmund (D:5)
  A steam dragon (D:6)
  Menkaure (D:5)
  3 ice beasts
  A black bear (D:5)
  2 phantoms
  2 lemures (D:5)
  2 bullfrogs (D:6)
  A howler monkey (D:4)
  3 hounds
  An iguana (D:6)
  2 sleepcaps (D:5)
  5 adders
  7 gnolls (D:6)
  A dart slug (D:5)
  11 orcs
  5 ball pythons
  2 bats
  9 endoplasms
  5 giant cockroaches
  4 goblins
  8 hobgoblins
  5 jackals (D:1)
  3 quokkas
  2 frilled lizards (D:1)
  8 kobolds
  8 rats
104 creatures vanquished.

Notes
Turn   | Place    | Note
-------+----------+-------------------------------------------
     0 | D:1      | Juicyj the Minotaur Fighter began the quest for the Orb.
     0 | D:1      | Reached XP level 1. HP: 19/19 MP: 0/0
    29 | D:1      | Reached XP level 2. HP: 26/27 MP: 1/1
   105 | D:1      | Found Niskifed's One-of-a-Kind Rings.
   229 | D:1      | Reached XP level 3. HP: 33/33 MP: 2/2
   428 | D:1      | Found a faded altar of an unknown god.
  1085 | D:2      | Reached XP level 4. HP: 39/40 MP: 3/3
  1431 | D:3      | Found a hazy altar of Hepliaklqana.
  1579 | D:3      | Found a faded altar of an unknown god.
  1583 | D:3      | Found a shadowy altar of Dithmenos.
  1624 | D:3      | Found a broken altar of Ashenzari.
  1727 | D:3      | Found a stormy altar of Qazlal.
  1727 | D:3      | Found a hide-covered altar of Uskayaw.
  2279 | D:4      | Noticed a phantom
  2289 | D:4      | Killed a phantom
  2290 | D:4      | Reached XP level 5. HP: 21/47 MP: 4/4
  2401 | D:4      | Reached skill level 5 in Fighting
  2401 | D:4      | Reached skill level 5 in Armour
  2401 | D:4      | Reached skill level 5 in Shields
  2672 | D:5      | Entered Level 5 of the Dungeon
  2679 | D:5      | Reached XP level 6. HP: 50/56 MP: 5/5
  2721 | D:5      | Noticed an ice beast
  2731 | D:5      | Killed an ice beast
  2756 | D:5      | Noticed Menkaure
  2762 | D:5      | Killed Menkaure
  2774 | D:5      | Reached skill level 5 in Axes
  2774 | D:5      | Reached XP level 7. HP: 45/62 MP: 6/6
  2804 | D:5      | Noticed Sigmund
  2820 | D:5      | Killed Sigmund
  3166 | D:5      | Found a transporter.
  3167 | D:5      | Found a transporter.
  3167 | D:5      | Noticed a wyvern
  3168 | D:5      | Noticed a wyvern
  3180 | D:5      | Found an opulent altar of Gozag.
  3180 | D:5      | Found an iron altar of Okawaru.
  3212 | D:5      | Noticed Pikel
  3228 | D:5      | Killed Pikel
  3229 | D:5      | Reached XP level 8. HP: 14/73 MP: 7/7
  3773 | D:6      | Found a snail-covered altar of Cheibriados.
  4001 | D:6      | HP: 3/74 [gnoll sergeant/+0 trident (1)]
  4003 | D:6      | Slain by a gnoll

Illustrated notes

Levels and vault maps discovered:
D:1:      dpeg_arrival_lava_temple_mockup, layout_rooms,
          shapermc_ecumenical_altar_mp_vishouse, nicolae_shop_unique_rings
D:2:      layout_basic
D:3:      layout_basic, nicolae_overflow_ecumenical_swirl,
          nicolae_overflow_crystal_walls, mainiacjoe_overflow_alcove_4,
          grunt_temple_overflow_open, serial_aquarium, aquarium_bridge_straight
          [aquarium_subvault_bridge, aquarium_subvault_wall,
          aquarium_subvault_bridge, aquarium_subvault_window],
          aquarium_bridge_square [aquarium_subvault_bridge,
          aquarium_subvault_bridge, aquarium_subvault_bridge,
          aquarium_subvault_bridge], aquarium_window_2, aquarium_window_fake,
          aquarium_window_1, aquarium_view_2e, minivault_14, eino_curves_01
D:4:      layout_rooms
D:5:      layout_rooms, gammafunk_temple_overflow_arena, uniq_sigmund,
          uniq_menkaure, uniq_pikel
D:6:      layout_cave_pools, kennysheep_ying_yang, general_overflow_altar,
          trog_book, nicolae_ossuary_entry_giza, hangedman_decor_opposing

Skill      XL: |  1  2  3  4  5  6  7  8 |
---------------+-------------------------+-----
Fighting       | 4 5 7 |  7.8
Shields        | 4 5 7 |  7.8
Armour         | 4 5 7 |  7.8
Axes           | 3 4 5 6 7 |  7.2

Action                     |  1- 3 |  4- 6 |  7- 9 || total
---------------------------+-------+-------+-------++-------
  Melee: War axe           |    80 |    72 |    87 ||   239
         Headbutt          |     5 |    12 |    18 ||    35
  Throw: Dart              |       |     2 |       ||     2
         Boomerang         |       |       |     2 ||     2
    Use: Scroll            |       |       |     9 ||     9
         Potion            |       |       |     2 ||     2
 Armour: Scale mail        |    46 |    15 |       ||    61
         Ring mail         |       |     9 |    47 ||    56
  Dodge: Dodged            |    41 |    34 |    66 ||   141
  Block: Buckler           |    15 |    14 |    29 ||    58

Table legend: (Time is in decaauts)
 A = Elapsed time spent in this place.
 B = Non-inter-level travel time spent in this place.
 C = Inter-level travel time spent in this place.
 D = Time resting spent in this place.
 E = Time spent auto-exploring this place.
 F = Levels seen in this place.
 G = Mean time per level.
                   A        B        C        D        E       F      G
               +--------+--------+--------+--------+--------+-----+--------+
         Total |   4080 |   3916 |    164 |    263 |   2989 |   6 |  680.0 |
       Dungeon |   4080 |   3916 |    164 |    263 |   2989 |   6 |  680.0 |
               +--------+--------+--------+--------+--------+-----+--------+

Top non-repeatable levels by time:
     D:5: 911 daAuts
     D:2: 813 daAuts
     D:3: 700 daAuts
     D:1: 619 daAuts
     D:4: 590 daAuts
     D:6: 445 daAuts
